 Dungeon Crawl Stone Soup version 0.22-a0-246-gdc04c06 (webtiles) character file.

144 wolfsongas the Skirmisher (level 5, 0/47 HPs)
             Began as a Gnoll Wanderer on Feb 23, 2018.
             Slain by wolfsongas's ghost (4 damage)
             ... on level 3 of the Dungeon.
             The game lasted 00:03:24 (1757 turns).

wolfsongas the Skirmisher (Gnoll Wanderer)          Turns: 1757, Time: 00:03:24

Health: 0/47       AC:  8    Str: 11 (13) XL:     5   Next: 26%
Magic:  7/7        EV: 11    Int: 11 (12) God:
Gold:   115        SH:  0    Dex: 18 (19) Spells: 6/6 levels left

rFire    . . .     SeeInvis .   e - -1 quarterstaff (curse)
rCold    . . .     Gourm    .   (shield currently unavailable)
rNeg     . . .     Faith    .   b - +1 ring mail
rPois    +         Spirit   .   (no helmet)
rElec    .         Reflect  .   (no cloak)
rCorr    .         Harm     .   (no gloves)
MR       .....                  j - +0 pair of boots
Stlth    +.........             l - amulet of the acrobat
HPRegen  0.15/turn              i - ring of poison resistance
MPRegen  0.10/turn              (no ring)

@: no status effects
A: distributed training, fangs 1, strong nose
a: no special abilities


You were on level 3 of the Dungeon.
You were not hungry.

You visited 1 branch of the dungeon, and saw 3 of its levels.

You collected 115 gold pieces.

Inventory:

Hand Weapons
 a - a +3 hand axe
 e - a cursed -1 quarterstaff (weapon)
Armour
 b - a +1 ring mail (worn)
 j - a +0 pair of boots (worn)
Jewellery
 i - a ring of poison resistance (left hand)
 l - an amulet of the acrobat (around neck)
Scrolls
 g - a scroll of identify
Potions
 c - a potion of lignification
 h - a potion of curing
 k - 2 potions of ambrosia
Comestibles
 d - 5 rations
 f - 4 chunks of flesh


   Skills:
 + Level 6.6 Fighting
 + Level 1.4 Short Blades
 + Level 1.4 Long Blades
 + Level 2.9 Axes
 + Level 1.4 Maces & Flails
 + Level 1.4 Polearms
 + Level 1.4 Staves
 + Level 1.4 Slings
 + Level 4.7 Bows
 + Level 1.4 Crossbows
 + Level 4.7 Throwing
 + Level 4.7 Armour
 + Level 1.4 Dodging
 + Level 1.4 Stealth
 + Level 1.4 Shields
 + Level 1.4 Unarmed Combat
 + Level 1.4 Spellcasting
 + Level 1.1 Conjurations
 + Level 1.1 Hexes
 + Level 1.1 Charms
 + Level 1.1 Summonings
 + Level 1.1 Necromancy
 + Level 1.1 Translocations
 + Level 1.1 Transmutations
 + Level 1.1 Fire Magic
 + Level 1.1 Ice Magic
 + Level 1.1 Air Magic
 + Level 1.1 Earth Magic
 + Level 1.1 Poison Magic
 + Level 1.5 Invocations
 + Level 1.4 Evocations


You had 6 spell levels left.
You didn't know any spells.

Dungeon Overview and Level Annotations

Branches:
Dungeon (3/15)

Altars:
Ashenzari

Annotations:
D:3 wolfsongas's ghost, amateur GnWn


Innate Abilities, Weirdness & Mutations

Your experience applies equally to all skills.
You have very sharp teeth.
Your uncanny sense of smell can sniff out nearby items.


Message History

You hit wolfsongas's ghost.
Wolfsongas's ghost is moderately damaged.
Wolfsongas's ghost hits you. x2
* * * LOW HITPOINT WARNING * * *
You closely miss wolfsongas's ghost.
Wolfsongas's ghost is moderately damaged.
Wolfsongas's ghost misses you.
You hit wolfsongas's ghost but do no damage.
You bite wolfsongas's ghost, but do no damage.
Wolfsongas's ghost is moderately damaged.
Wolfsongas's ghost hits you.
* * * LOW HITPOINT WARNING * * *
You hit wolfsongas's ghost. Your bite misses wolfsongas's ghost.
Wolfsongas's ghost is moderately damaged.
Wolfsongas's ghost hits you.
* * * LOW HITPOINT WARNING * * *
You hit wolfsongas's ghost but do no damage.
Wolfsongas's ghost is moderately damaged.
Wolfsongas's ghost hits you.
You die...

#(..........##....## .#..
∆ # ####..>..######....#.#
.... # #.....# ####..# ...
# #.....# ###..######## #
#...........# #
##.#.#.#####.#### #
#.#######..#.#.##.......#
#
#....>.#...#......##.##.#
# #####
####....W@##.#####.##.####
....#
#..........#.......##...÷.
#.#.#
#.##.........#############
#.#.####........#####
#....)....#.##.##
###.#####.#.##.# ....#
....##.# ##### ##.####.# #
.#


You could see wolfsongas's ghost.

Vanquished Creatures
  8 adders
  An ooze (D:2)
  2 worms (D:2)
  A dart slug (D:1)
  A leopard gecko (D:1)
  9 bats
  3 giant cockroaches
  9 goblins
  7 hobgoblins
  A quokka (D:2)
  A ball python (D:3)
  4 frilled lizards
  4 kobolds
  8 rats
59 creatures vanquished.

Notes
Turn   | Place    | Note
-------+----------+-------------------------------------------
     0 | D:1      | wolfsongas the Gnoll Wanderer began the quest for the Orb.
     0 | D:1      | wolfsongas set off with: a +2 hand axe, a +0 ring mail, a potion of lignification, a ration
     0 | D:1      | Reached XP level 1. HP: 23/23 MP: 1/1
    71 | D:1      | Reached XP level 2. HP: 29/29 MP: 2/2
   275 | D:1      | Reached XP level 3. HP: 35/35 MP: 3/3
   528 | D:2      | Found a faded altar of an unknown god.
   593 | D:2      | Reached skill level 1 in Invocations
   655 | D:2      | Reached skill level 1 in Short Blades
   655 | D:2      | Reached skill level 1 in Long Blades
   655 | D:2      | Reached skill level 1 in Maces & Flails
   655 | D:2      | Reached skill level 1 in Polearms
   655 | D:2      | Reached skill level 1 in Staves
   655 | D:2      | Reached skill level 1 in Slings
   655 | D:2      | Reached skill level 1 in Crossbows
   655 | D:2      | Reached skill level 1 in Dodging
   655 | D:2      | Reached skill level 1 in Stealth
   655 | D:2      | Reached skill level 1 in Shields
   655 | D:2      | Reached skill level 1 in Unarmed Combat
   655 | D:2      | Reached skill level 1 in Spellcasting
   655 | D:2      | Reached skill level 1 in Evocations
   705 | D:2      | Reached XP level 4. HP: 23/41 MP: 5/5
   821 | D:2      | Found a shattered altar of Ashenzari.
   860 | D:2      | Reached skill level 1 in Conjurations
   860 | D:2      | Reached skill level 1 in Hexes
   860 | D:2      | Reached skill level 1 in Charms
   860 | D:2      | Reached skill level 1 in Summonings
   860 | D:2      | Reached skill level 1 in Necromancy
   860 | D:2      | Reached skill level 1 in Translocations
   860 | D:2      | Reached skill level 1 in Transmutations
   860 | D:2      | Reached skill level 1 in Fire Magic
   860 | D:2      | Reached skill level 1 in Ice Magic
   860 | D:2      | Reached skill level 1 in Air Magic
   860 | D:2      | Reached skill level 1 in Earth Magic
   860 | D:2      | Reached skill level 1 in Poison Magic
  1471 | D:3      | Reached XP level 5. HP: 40/47 MP: 6/6
  1733 | D:3      | Noticed wolfsongas's ghost (amateur GnWn)
  1757 | D:3      | Slain by wolfsongas's ghost

Vault maps used:
D:1:      ncdulo_smallfort, roderic_serpentine_path
D:2:      chequers_ecumenical_altar_simple_redux, nicolae_ashenzari_panopticon
D:3:      first_ration, uniq_purgy

Skill      XL: |  1  2  3  4 |
---------------+-------------+-----
Invocations    | 1 |  1.5
Short Blades   | 1 |  1.4
Long Blades    | 1 |  1.4
Maces & Flails | 1 |  1.4
Polearms       | 1 |  1.4
Staves         | 1 |  1.4
Slings         | 1 |  1.4
Crossbows      | 1 |  1.4
Dodging        | 1 |  1.4
Stealth        | 1 |  1.4
Shields        | 1 |  1.4
Unarmed Combat | 1 |  1.4
Spellcasting   | 1 |  1.4
Evocations     | 1 |  1.4
Conjurations   | 1 |  1.1
Hexes          | 1 |  1.1
Charms         | 1 |  1.1
Summonings     | 1 |  1.1
Necromancy     | 1 |  1.1
Translocations | 1 |  1.1
Transmutations | 1 |  1.1
Fire Magic     | 1 |  1.1
Ice Magic      | 1 |  1.1
Air Magic      | 1 |  1.1
Earth Magic    | 1 |  1.1
Poison Magic   | 1 |  1.1
Fighting       | |  6.6
Axes           | |  2.9
Bows           | |  4.7
Throwing       | |  4.7
Armour         | |  4.7

Action                   |  1- 3 |  4- 6 || total
-------------------------+-------+-------++-------
Melee: Hand axe          |    85 |    14 ||    99
       Bite              |     5 |     9 ||    14
       Quarterstaff      |       |    83 ||    83
  Use: Scroll            |     8 |     2 ||    10
       Potion            |       |     4 ||     4
 Stab: Sleeping          |       |     2 ||     2
  Eat: Chunk             |       |     3 ||     3
Armor: Ring mail         |    44 |    42 ||    86
Dodge: Dodged            |    51 |    77 ||   128

Table legend:
 A = Spawn XP
 B = Non-spawn XP
 C = Spawn XP percentage of total XP
 D = Spawn monster count
 E = Non-spawn monster count
 F = Spawn count percentage of total count
 G = Total turns spent on level
                    A         B        C        D         E        F      G
               +---------+---------+-------+---------+---------+-------+---------
         Total |       0 |     206 |   0.0 |       0 |      59 |   0.0 |  1757
               +---------+---------+-------+---------+---------+-------+---------
           D:1 |       0 |      42 |   0.0 |       0 |      24 |   0.0 |   528
           D:2 |       0 |      97 |   0.0 |       0 |      23 |   0.0 |   807
           D:3 |       0 |      67 |   0.0 |       0 |      12 |   0.0 |   422
               +---------+---------+-------+---------+---------+-------+---------
